 Dungeon Crawl Stone Soup version 0.17-a0-1927-g319369b (webtiles) character file.

285675 Kuldar the Ruinous (level 20, -29/130 HPs)
             Began as a Deep Elf Wizard on Sept 28, 2015.
             Was the Champion of Vehumet.
             Annihilated by a juggernaut (94 damage)
             ... on level 4 of the Depths on Sept 29, 2015.
             The game lasted 07:24:03 (52908 turns).

Kuldar the Ruinous (Deep Elf Wizard)               Turns: 52908, Time: 07:24:03

Health: -29/130    AC: 13    Str:  4    XL:     20   Next: 17%
Magic:  39/68      EV: 16    Int: 37    God:    Vehumet [******]
Gold:   5724       SH:  7    Dex: 11    Spells: 16 memorised, 4 levels left

rFire  . . .     SeeInvis +     n - staff of power
rCold  + . .     Clarity  .     B - +2 robe {rC+}
rNeg   . . .     SustAt   .     z - +2 buckler {AC+3}
rPois  +         Gourm    .     b - +1 helmet {SInv}
rElec  +         Spirit   .     y - +2 cloak {MR+}
rCorr  .         Warding  .     F - +0 pair of gloves
rMut   .         Stasis   .     (no boots)
MR     +++..                    T - amulet of Vitality {Regen+ HP+15}
Stlth  +.........               W - ring of Cauhaj {rPois Int+4 Stlth-}
                                f - ring of magical power

@: repel missiles, extremely resistant to hostile enchantments, very unstealthy
A: see invisible, clumsy 1, electricity resistance
a: Renounce Religion
}: 1/15 runes: decaying


You were on level 4 of the Depths.
You worshipped Vehumet.
Vehumet was exalted by your worship.
You were hungry.

You visited 7 branches of the dungeon, and saw 39 of its levels.
You visited the Abyss 1 time.
You also visited: Labyrinth, Sewer, Ice Cave and Volcano.

You collected 5892 gold pieces.
You spent 168 gold pieces at shops.

Inventory:

Armour
 b - a +1 helmet of see invisible (worn)
 w - a +2 robe of magic resistance
 y - a +2 cloak of magic resistance (worn)
 z - a +2 buckler of protection (worn)
 B - a +2 robe of cold resistance (worn)
 F - a +0 pair of gloves (worn)
Magical staves
 n - an uncursed staff of power (weapon)
Jewellery
 a - an uncursed ring of sustain attributes
 f - a ring of magical power (left hand)
 h - an uncursed ring of protection from cold
 u - an uncursed ring of invisibility
 I - the ring of Awapeowk {-Tele rF+++ MR+}
   (You took it off a deep elf blademaster on level 3 of the Elven Halls)

   [ring of protection from magic]

   It renders you almost immune to fire.
   It affects your resistance to hostile enchantments.
   It prevents most forms of teleportation.
 M - an uncursed amulet of clarity
 T - the amulet of Vitality (around neck) {Regen+ HP+15}
   (You found it in an ice cave)

   [amulet of regeneration]

   It affects your health (+15).
   It increases your rate of regeneration.
 W - the ring of Cauhaj (right hand) {rPois Int+4 Stlth-}
   (You took it off a deep elf annihilator on level 3 of the Elven Halls)

   [ring of loudness]

   It affects your intelligence (+4).
   It protects you from poison.
   It makes you less stealthy.
 Z - a +5 ring of strength
Magical devices
 i - a wand of cold (0)
 k - a wand of paralysis (12)
 r - a wand of confusion (24)
 v - a wand of fire (0)
 A - a wand of digging (8)
 C - a wand of invisibility (5)
 D - a wand of disintegration (6)
 J - a wand of enslavement (9)
 Q - a wand of lightning (10)
 U - a wand of slowing (30)
 V - a wand of fireball (5)
Scrolls
 e - 6 scrolls of recharging
 g - 23 scrolls of identify
 j - 13 scrolls of remove curse
 m - a scroll of fog
 q - 6 scrolls of teleportation
 E - 3 scrolls of summoning
 H - a scroll of fear
 K - a scroll of enchant armour
 P - 6 scrolls of magic mapping
Potions
 c - 3 potions of ambrosia
 l - 3 potions of haste
 p - 3 potions of agility
 s - a potion of brilliance
 x - 7 potions of flight
 L - 2 potions of resistance
 R - 4 potions of heal wounds
 X - 8 potions of curing
 Y - a potion of cancellation
Miscellaneous
 O - a plain deck of summoning {drawn: 1}
 S - a fan of gales
Comestibles
 o - 9 slices of pizza
 t - 9 beef jerkies
 G - 5 fruits
 N - 3 royal jellies


   Skills:
 - Level 9.0 Fighting
 - Level 9.0 Dodging
 - Level 2.4 Stealth
 - Level 5.0 Shields
 - Level 18.3 Spellcasting
 * Level 22.0 Conjurations
 - Level 3.0 Hexes
 - Level 3.0 Charms
 - Level 3.1 Summonings
 - Level 3.0 Translocations
 - Level 3.1 Transmutations
 * Level 21.6 Fire Magic
 - Level 3.0 Air Magic
 - Level 3.1 Poison Magic
 - Level 3.0 Evocations


You had 4 spell levels left.
You knew the following spells:

 Your Spells              Type           Power        Failure   Level  Hunger
a - Iskenderun's Mystic   Conj           ########     0%          4    None
b - Blink                 Tloc           N/A          1%          2    None
c - Call Imp              Summ           ######..     1%          2    None
d - Bolt of Magma         Conj/Fire/Erth #######...   1%          5    None
e - Conjure Flame         Conj/Fire      ########     0%          3    None
f - Fireball              Conj/Fire      ########..   0%          5    None
g - Mephitic Cloud        Conj/Pois/Air  #######.     1%          3    None
h - Flame Tongue          Conj/Fire      #####        0%          1    None
i - Dazzling Spray        Conj/Hex       #######.     0%          3    None
j - Searing Ray           Conj           ######       0%          2    None
k - Ignite Poison         Fire/Trmt/Pois #######.     1%          3    None
l - Orb of Destruction    Conj           ########..   1%          7    ##.....
m - Repel Missiles        Chrm/Air       ######       1%          2    None
n - Swiftness             Chrm/Air       ######..     1%          2    None
o - Magic Dart            Conj           ####         0%          1    None
s - Bolt of Fire          Conj/Fire      ########..   1%          6    None


Dungeon Overview and Level Annotations

Branches:
Dungeon (15/15)            Temple (1/1) D:5            Lair (8/8) D:10
  Swamp (4/4) Lair:6        Snake (0/4) Lair:6        Slime (0/6) Lair:7
    Orc (4/4) D:12            Elf (3/3) Orc:4        Vaults (0/5) D:14
 Depths (4/5) D:15

Altars:
Ashenzari
Cheibriados
Dithmenos
Elyvilon
Fedhas
Gozag
Kikubaaqudgha
Makhleb
Nemelex Xobeh
Okawaru
Qazlal
Ru
Sif Muna
Trog
Vehumet
Xom
Yredelemnul
Zin
The Shining One
Beogh
Jiyva

Shops:
D:15 ?   Orc:2 %   Orc:4 ?[%(   Elf:2 (   Elf:3 :   Depths:1 :

Portals:
Hell: Depths:1 Depths:2 Depths:3

Annotations:
D:2 Terence
D:3 Grinder; LordVetinari's ghost, average DEWz
D:8 exclusion: oklob sapling
Elf:2 exclusion: 5 doors


Innate Abilities, Weirdness & Mutations

You have supernaturally acute eyesight.
You are clumsy. (Dex -2)
You are resistant to electric shocks.


Message History

The caustic shrike closely misses you.
Read which item? (? for menu, Esc to quit)
As you read the scroll of teleportation, it crumbles to dust.
You feel strangely unstable.
The caustic shrike claws you but does no damage.
The caustic shrike claws you!
You are splashed with acid!
The acid burns!
Unknown command.
Drink which item? (? for menu, Esc to quit)
You feel much better. The caustic shrike claws you!
You are splashed with acid!
The acid burns!
The caustic shrike closely misses you.
Unknown command.
Your surroundings suddenly seem different.
A tengu reaver comes into view. It is wielding a glaive.
The tengu reaver shouts!
You block the tengu reaver's attack.
The tengu reaver pecks you but does no damage.
The tengu reaver claws you but does no damage.
The juggernaut hits you!!!!
Ouch! That really hurt!
You die...

## #:###
#.C#####
#Q@....#
##.......#
##.......
##.....
####.


You could see a juggernaut and a tengu reaver.

Vanquished Creatures
  A tentacled monstrosity (Swamp:3)
  Rupert (D:12)
  A titan (Depths:2)
  2 deep elf blademasters (Elf:3)
  2 deep elf master archers (Elf:3)
  4 sphinxes (Depths:2)
  A thorn hunter (Swamp:2)
  Kirke (Swamp:4)
  An azure jelly (Swamp:4)
  3 storm dragons (Depths:2)
  7 deep elf sorcerers
  Donald (Orc:3)
  Maud (D:13)
  2 fire giants
  2 frost giants (Depths:3)
  The ghost of Oper80 the Fighter, a powerful DrMo of Nemelex Xobeh (Orc:4)
  18 very ugly things
  5 stone giants
  Nessos (D:15)
  6 deep elf demonologists (Elf:3)
  A black draconian (Depths:2)
  8 deep elf annihilators (Elf:3)
  7 ettins
  A minotaur (Lab)
  8 deep elf death magi
  2 fire dragons
  The ghost of soonmide the Martial Artist, a powerful DsGl of Ru (Volcano)
  2 entropy weavers
  2 vault guards (Depths:2)
  A deep elf high priest (Elf:3)
  2 yaktaur captains
  3 great orbs of eyes (Depths:1)
  A hell beast (Depths:2)
  12 hydras
  11 ice dragons
  2 rakshasas
  A catoblepas (Depths:2)
  A ghost crab (Swamp:1)
  3 deep troll shamans
  14 dancing weapons
  The ghost of Kuldar the Thaumaturge, a powerful DEWz of Vehumet (Lair:1)
  9 alligators
  7 death yaks (Lair:8)
  A titan zombie (Depths:1)
  5 centaur warriors
  2 ogre magi
  3 orc high priests
  3 deep troll earth magi
  4 tengu warriors
  2 vampire magi
  A thrashing horror (Abyss:1)
  4 large abominations (Abyss:1)
  5 hell knights (Depths:2)
  A wretched star (Abyss:1)
  14 deep elf knights
  9 deep trolls
  An iron troll (Depths:2)
  A death drake (shapeshifter) (D:15)
  4 skeletal warriors (Depths:2)
  A spriggan druid (Swamp:4)
  An unseen horror (shapeshifter) (Abyss:1)
  An unseen horror (D:13)
  9 hill giants
  A giant orange brain (Depths:2)
  11 deep elf summoners
  2 ice statues (IceCv)
  2 flayed ghosts (Depths:3)
  3 swamp dragons
  An anubis guard (shapeshifter) (D:13)
  5 orc knights
  8 orc sorcerers
  9 lindwurms
  A wizard (Depths:2)
  5 deep elf conjurers
  3 griffons
  2 sixfirhies (Abyss:1)
  2 necromancers (Depths:1)
  A stone giant zombie (Depths:1)
  A wolf spider (D:13)
  A sphinx skeleton (Depths:1)
  69 ugly things
  3 hornets
  4 cyclopes
  6 elephants
  A guardian serpent (Abyss:1)
  2 elephants (shapeshifter) (Elf:2)
  An iron dragon skeleton (Abyss:1)
  Maurice (D:13)
  A stone giant skeleton (Depths:1)
  A worldbinder (Abyss:1)
  2 molten gargoyles (Lair:7)
  17 spiny frogs
  7 torpor snails (Lair:8)
  3 black mambas
  2 gargoyles (D:12)
  3 centaur skeletons (D:14)
  A yaktaur (shapeshifter) (D:15)
  3 small abominations
  4 freezing wraiths (Swamp:4)
  13 yaktaurs
  4 fire drakes
  A jumping spider (Depths:1)
  17 deep elf priests
  12 komodo dragons
  A troll (shapeshifter) (Depths:1)
  4 two-headed ogres
  8 giant leeches
  A harpy skeleton (Abyss:1)
  A fire dragon zombie (Depths:1)
  9 trolls
  2 raiju (Abyss:1)
  A blue devil (Depths:2)
  20 blink frogs
  A spriggan zombie (Depths:1)
  An ettin zombie (Depths:1)
  3 bog bodies
  26 slime creatures
  An air elemental (Abyss:1)
  2 shadows
  10 spriggans
  A spriggan (shapeshifter) (D:13)
  Sigmund (D:6)
  4 redbacks
  3 vampires (Volcano)
  4 wyverns
  A tarantella (Depths:1)
  An ice dragon skeleton (Depths:1)
  A spriggan skeleton (Depths:1)
  2 wraiths
  A hog (Swamp:4)
  27 deep elf magi
  8 flying skulls
  Eustachio (D:6)
  27 deep elf fighters
  A golden eye (shapeshifter) (Elf:3)
  11 basilisks
  5 swamp worm simulacra (Swamp:4)
  18 wolves
  7 hippogriffs
  30 vampire mosquitoes
  A hungry ghost (D:12)
  57 yaks
  2 mottled dragons
  18 swamp worms
  A steam dragon (Lair:8)
  7 wargs
  25 insubstantial wisps
  10 water moccasins
  A hell hound (Depths:2)
  A soldier ant (D:11)
  14 hydra simulacra (Swamp:4)
  A naga (Lair:6)
  8 porcupines
  Duvessa (D:6)
  9 swamp drakes
  An ettin simulacrum (Depths:1)
  20 ogres
  An eye of draining (D:14)
  7 black bears
  37 orc warriors
  17 wasps
  4 sky beasts
  27 ice beasts
  A necrophage (D:8)
  22 centaurs
  19 crocodiles
  An eye of draining (shapeshifter) (Depths:2)
  3 brain worms (Lair:8)
  2 wyvern zombies (D:14)
  2 big kobolds
  14 giant frogs
  5 jellies
  Dowan (D:6)
  5 scorpions
  12 killer bees
  13 wights
  2 centaur zombies
  5 crimson imps
  3 electric eels
  2 giant frog zombies
  5 giant frog skeletons
  42 orc priests
  5 lava snakes (Lair:7)
  Crazy Yiuf (D:3)
  3 quasits (Abyss:1)
  Ijyb (D:3)
  An iron imp (Abyss:1)
  12 iguanas
  51 orc wizards
  12 worker ants
  10 hounds
  27 sheep
  A hound skeleton (D:7)
  3 mummies
  3 gnolls (D:6)
  68 river rats
  19 adders
  4 shadow imps
  12 white imps (Lair:5)
  7 oozes (Sewer)
  3 swamp drake simulacra (Swamp:4)
  3 adder skeletons
  20 worms
  10 giant geckos
  242 orcs
  14 giant cockroaches
  7 goblins
  7 hobgoblins
  11 jackals
  6 quokkas
  14 ball pythons
  14 bats
  20 giant newts
  2 jackal skeletons
  A jackal zombie (D:7)
  15 kobolds
  A quokka zombie (D:7)
  9 rats
  4 crawling corpses
  6 fungi
  7 plants
1799 creatures vanquished.

Vanquished Creatures (collateral kills)
  A water moccasin (Lair:6)
  2 orcs (Orc:4)
3 creatures vanquished.

Vanquished Creatures (others)
  A ball lightning (Depths:2)
  A bog body (Swamp:4)
  A human (Swamp:4)
  A swamp drake (Swamp:4)
  38 fungi
  48 plants
  10 starspawn tentacles (Abyss:1)
  119 starspawn tentacle segments (Abyss:1)
219 creatures vanquished.

Grand Total: 2021 creatures vanquished

Notes
Turn   | Place    | Note
--------------------------------------------------------------
     0 | D:1      | Kuldar the Deep Elf Wizard began the quest for the Orb.
     0 | D:1      | Reached XP level 1. HP: 10/10 MP: 7/7
   400 | D:1      | Reached XP level 2. HP: 12/15 MP: 3/9
   404 | D:1      | Learned a level 2 spell: Blink
   407 | D:1      | Learned a level 2 spell: Call Imp
   410 | D:1      | Learned a level 2 spell: Repel Missiles
  1043 | D:2      | Found a shattered altar of Ashenzari.
  1140 | D:2      | Reached XP level 3. HP: 19/19 MP: 7/11
  1145 | D:2      | Learned a level 3 spell: Conjure Flame
  1162 | D:2      | Found a shadowy altar of Dithmenos.
  1345 | D:2      | Reached skill level 5 in Spellcasting
  1580 | D:2      | Noticed Terence
  1726 | D:3      | Found a basalt altar of Yredelemnul.
  1726 | D:3      | Noticed Ijyb
  1753 | D:3      | Killed Ijyb
  1753 | D:3      | Reached XP level 4. HP: 17/24 MP: 0/13
  1807 | D:3      | Noticed a scorpion
  1813 | D:3      | Killed a scorpion
  1935 | D:3      | Noticed Crazy Yiuf
  1958 | D:3      | Killed Crazy Yiuf
  1958 | D:3      | Reached skill level 6 in Spellcasting
  1958 | D:3      | Reached XP level 5. HP: 28/28 MP: 3/15
  1963 | D:3      | Learned a level 3 spell: Mephitic Cloud
  2246 | D:3      | Found an ancient bone altar of Kikubaaqudgha.
  2351 | D:3      | Noticed Grinder
  2369 | D:3      | Paralysed by Grinder for 6 turns
  2382 | D:3      | Noticed LordVetinari's ghost (average DEWz)
  2466 | D:4      | Reached skill level 1 in Air Magic
  2540 | D:4      | Reached XP level 6. HP: 19/32 MP: 4/17
  2665 | D:4      | Found a glowing drain.
  2674 | Sewer    | Entered a sewer
  3017 | Sewer    | Reached skill level 1 in Fire Magic
  3033 | Sewer    | Reached skill level 5 in Conjurations
  3134 | Sewer    | Reached skill level 1 in Poison Magic
  3561 | D:4      | Noticed an ogre
  3581 | D:4      | Killed an ogre
  3581 | D:4      | Reached skill level 7 in Spellcasting
  3581 | D:4      | Reached XP level 7. HP: 23/36 MP: 3/19
  3881 | D:4      | Found an iron altar of Okawaru.
  4257 | D:4      | Found a blossoming altar of Fedhas.
  4521 | D:5      | Entered Level 5 of the Dungeon
  4577 | D:5      | Found a glowing silver altar of Zin.
  4639 | D:5      | Found a staircase to the Ecumenical Temple.
  4658 | Temple   | Entered the Ecumenical Temple
  4664 | Temple   | Became a worshipper of Vehumet
  4933 | D:5      | Reached XP level 8. HP: 37/41 MP: 10/21
  5179 | D:5      | Reached skill level 8 in Spellcasting
  5546 | D:6      | Noticed Sigmund
  5563 | D:6      | Killed Sigmund
  5783 | D:6      | Found a bloodstained altar of Trog.
  5788 | D:6      | Found a white marble altar of Elyvilon.
  5805 | D:6      | Noticed Eustachio
  5822 | D:6      | Killed Eustachio
  5862 | D:6      | Noticed Dowan
  5876 | D:6      | Noticed Duvessa
  5887 | D:6      | Reached skill level 9 in Spellcasting
  6203 | D:6      | Killed Duvessa
  6234 | D:6      | Killed Dowan
  6484 | D:6      | Acquired Vehumet's first power
  6484 | D:6      | Offered knowledge of Flame Tongue by Vehumet.
  6484 | D:6      | Reached XP level 9. HP: 36/45 MP: 17/24
  6493 | D:6      | Learned a level 1 spell: Flame Tongue
  6563 | D:6      | Noticed a troll
  6578 | D:6      | Killed a troll
  6684 | D:6      | Reached skill level 10 in Spellcasting
  6963 | D:6      | Found a burning altar of Makhleb.
  7054 | D:6      | Found a deep blue altar of Sif Muna.
  7664 | D:7      | Found a shadowy altar of Dithmenos.
  7707 | D:7      | Reached skill level 11 in Spellcasting
  7740 | D:7      | Offered knowledge of Freeze by Vehumet.
  7870 | D:7      | Found a stormy altar of Qazlal.
  8436 | D:8      | Reached skill level 10 in Conjurations
  8445 | D:8      | Reached skill level 12 in Spellcasting
  8445 | D:8      | Reached XP level 10. HP: 50/50 MP: 5/28
  8575 | D:8      | Offered knowledge of Dazzling Spray by Vehumet.
  8737 | D:8      | Acquired Vehumet's second power
  8813 | D:8      | Learned a level 3 spell: Dazzling Spray
  8976 | D:8      | Reached skill level 1 in Hexes
  9392 | D:9      | Reached skill level 1 in Charms
  9652 | D:9      | Offered knowledge of Ignite Poison by Vehumet.
  9763 | D:9      | Reached skill level 13 in Spellcasting
 10368 | D:10     | Entered Level 10 of the Dungeon
 10689 | D:10     | Learned a level 3 spell: Ignite Poison
 10775 | D:10     | Noticed a hill giant
 10787 | D:10     | Acquired Vehumet's third power
 10852 | D:10     | Killed a hill giant
 10852 | D:10     | Reached XP level 11. HP: 54/54 MP: 20/30
 10900 | D:10     | Noticed a hill giant
 10926 | D:10     | Killed a hill giant
 10926 | D:10     | Reached skill level 14 in Spellcasting
 10926 | D:10     | Reached skill level 1 in Transmutations
 10926 | D:10     | Reached skill level 1 in Evocations
 11022 | D:10     | Offered knowledge of Irradiate by Vehumet.
 11029 | D:10     | Learned a level 5 spell: Irradiate
 11082 | D:10     | Found a staircase to the Lair.
 11170 | D:10     | Noticed a hill giant
 11185 | D:10     | Killed a hill giant
 11922 | D:11     | Noticed a hill giant
 11935 | D:11     | Killed a hill giant
 12061 | D:11     | Noticed a hill giant
 12069 | D:11     | Killed a hill giant
 12360 | D:11     | Noticed a hill giant
 12377 | D:11     | Killed a hill giant
 12379 | D:11     | Offered knowledge of Bolt of Fire by Vehumet.
 12391 | D:11     | Learned a level 6 spell: Bolt of Fire
 12506 | D:11     | Reached skill level 15 in Spellcasting
 12805 | D:10     | Reached skill level 5 in Fire Magic
 13009 | Lair:1   | Entered Level 1 of the Lair of Beasts
 13412 | Lair:1   | Noticed Kuldar's ghost (powerful DEWz)
 13682 | Lair:1   | Killed Kuldar's ghost
 13682 | Lair:1   | Reached XP level 12. HP: 52/59 MP: 2/33
 14355 | Lair:2   | Gained mutation: You are agile. (Dex +2) [potion of beneficial mutation]
 14357 | Lair:2   | Lost mutation: You are agile. (Dex +2) [potion of cure mutation]
 15243 | Lair:3   | Found a labyrinth entrance.
 15250 | Lab      | Entered a labyrinth
 15606 | Lab      | Noticed a minotaur
 15660 | Lab      | Killed a minotaur
 17069 | Lair:4   | Reached skill level 16 in Spellcasting
 17493 | Lair:3   | Offered knowledge of Bolt of Magma by Vehumet.
 18194 | Lair:5   | Noticed a four-headed hydra
 18196 | Lair:5   | Killed a four-headed hydra
 18196 | Lair:5   | Reached skill level 10 in Fire Magic
 18231 | Lair:5   | Found a frozen archway.
 18386 | Lair:5   | Reached XP level 13. HP: 40/63 MP: 26/35
 18435 | IceCv    | Entered an ice cave
 19478 | Lair:5   | Noticed an eight-headed hydra
 19480 | Lair:5   | Killed an eight-headed hydra
 19958 | Lair:5   | Noticed a six-headed hydra
 19961 | Lair:5   | Killed a six-headed hydra
 20116 | Lair:6   | Identified a scroll of acquirement
 20229 | Lair:6   | Found a staircase to the Snake Pit.
 20276 | Lair:6   | Learned a level 5 spell: Bolt of Magma
 20376 | Lair:6   | Found a staircase to the Swamp.
 20746 | Lair:6   | Offered knowledge of Fireball by Vehumet.
 20757 | Lair:6   | Learned a level 5 spell: Fireball
 20844 | Lair:6   | Reached skill level 17 in Spellcasting
 22281 | Lair:7   | Found a viscous altar of Jiyva.
 22281 | Lair:7   | Found a staircase to the Slime Pits.
 22352 | Lair:7   | Reached XP level 14. HP: 68/68 MP: 7/37
 22826 | Lair:8   | Entered Level 8 of the Lair of Beasts
 23024 | Lair:8   | Reached skill level 15 in Conjurations
 23780 | Lair:8   | Reached skill level 18 in Spellcasting
 23846 | Lair:8   | Offered knowledge of Bolt of Draining by Vehumet.
 24385 | Lair:8   | Found a runed door.
 24759 | Lair:8   | Got a pitted leather armour
 24770 | Lair:8   | Identified the +3 leather armour of Valour {rPois Str+4 Int-3} (You found it on level 8 of the Lair of Beasts)
 25840 | D:12     | Noticed Rupert
 25921 | D:12     | Killed Rupert
 25921 | D:12     | Reached skill level 5 in Dodging
 26420 | D:12     | Found a staircase to the Orcish Mines.
 26675 | D:12     | Offered knowledge of Poison Arrow by Vehumet.
 27067 | Orc:1    | Entered Level 1 of the Orcish Mines
 27127 | Orc:1    | Found a dark tunnel.
 27136 | Orc:1    | Reached XP level 15. HP: 72/72 MP: 21/39
 27155 | Volcano  | Entered a volcano
 27155 | Volcano  | Noticed soonmide's ghost (powerful DsGl)
 27204 | Volcano  | Killed soonmide's ghost
 28725 | Orc:2    | Found Pafuniyhis's Food Shoppe.
 29494 | Orc:3    | Offered knowledge of Poisonous Cloud by Vehumet.
 30126 | Orc:3    | Found a roughly hewn altar of Beogh.
 30129 | Orc:3    | Noticed Donald
 30146 | Orc:3    | Killed Donald
 30146 | Orc:3    | Reached skill level 1 in Fighting
 30164 | Orc:3    | Learned a level 6 spell: Poisonous Cloud
 30331 | Orc:4    | Entered Level 4 of the Orcish Mines
 30596 | Orc:4    | Found a staircase to the Elven Halls.
 30821 | Orc:4    | Noticed Oper80's ghost (powerful DrMo)
 31130 | Orc:4    | Offered knowledge of Orb of Destruction by Vehumet.
 32310 | Orc:3    | Learned a level 7 spell: Orb of Destruction
 32563 | Orc:4    | Killed Oper80's ghost
 32678 | Orc:4    | Found Foen's Antique Armour Emporium.
 32683 | Orc:4    | Found Buojidon's Magic Scroll Emporium.
 32802 | Orc:4    | Found Bamawk's Weapon Shoppe.
 32802 | Orc:4    | Found Ront's Food Shoppe.
 32832 | Orc:4    | Bought 3 scrolls of magic mapping for 168 gold pieces
 32885 | Elf:1    | Entered Level 1 of the Elven Halls
 32924 | Elf:1    | Reached skill level 5 in Fighting
 33365 | Elf:1    | Offered knowledge of Fire Storm by Vehumet.
 33365 | Elf:1    | Offered knowledge of Glaciate by Vehumet.
 33365 | Elf:1    | Offered knowledge of Tornado by Vehumet.
 34146 | Elf:2    | Found a huge runed gate.
 34146 | Elf:2    | Found a huge runed gate.
 34146 | Elf:2    | Found a huge runed gate.
 34149 | Elf:2    | Found a huge runed gate.
 34156 | Elf:2    | Found a huge runed gate.
 34505 | Elf:2    | Found Aclia's Weapon Shoppe.
 34884 | Elf:2    | Gained mutation: You are resistant to electric shocks. [mutagenic meat]
 34885 | Elf:2    | Gained mutation: You are clumsy. (Dex -2) [mutagenic meat]
 34886 | Elf:2    | Gained mutation: You have supernaturally acute eyesight. [mutagenic meat]
 34921 | Elf:2    | Reached skill level 1 in Shields
 35218 | Elf:3    | Entered Level 3 of the Elven Halls
 35315 | Elf:3    | Found Kaeqonai's One-of-a-Kind Books.
 35603 | Elf:3    | Noticed a deep elf blademaster
 35605 | Elf:3    | Killed a deep elf blademaster
 35605 | Elf:3    | Reached XP level 16. HP: 94/94 MP: 15/40
 35817 | Elf:3    | Reached skill level 5 in Shields
 35885 | Elf:3    | Cast into the Abyss (a deep elf sorcerer)
 36262 | Abyss:1  | Noticed a tentacled starspawn
 36380 | Abyss:1  | Noticed a profane servitor
 36432 | Abyss:1  | Found a corrupted altar of Lugonu.
 36468 | Abyss:1  | Found a corrupted altar of Lugonu.
 36794 | Abyss:1  | Noticed a tentacled starspawn
 36880 | Abyss:1  | Got an ichor-stained spear
 36881 | Abyss:1  | Identified the +6 spear "Erphiogh" {speed, rElec rPois MP+9 Dex-5} (You found it on level 1 of the Abyss)
 36970 | Elf:3    | Escaped the Abyss
 37055 | Elf:3    | Reached skill level 15 in Fire Magic
 37062 | Elf:3    | Noticed a deep elf blademaster
 37323 | Elf:3    | Killed a deep elf blademaster
 37334 | Elf:3    | Noticed a deep elf master archer
 37555 | Elf:3    | Killed a deep elf master archer
 37778 | Elf:3    | Noticed a deep elf master archer
 37780 | Elf:3    | Killed a deep elf master archer
 37984 | Elf:3    | Noticed a Brimstone Fiend
 38343 | Elf:3    | Got an ichor-stained morningstar {venom}
 38353 | Elf:3    | Got a brightly glowing spear {venom}
 38360 | Elf:3    | Identified the cursed +0 morningstar of the Trees {venom, rPois Str+4} (You took it off a deep elf demonologist on level 3 of the Elven Halls)
 38369 | Elf:3    | Got a clouded granite ring
 38376 | Elf:3    | Identified the ring of Cauhaj {rPois Int+4 Stlth-} (You took it off a deep elf annihilator on level 3 of the Elven Halls)
 38389 | Elf:3    | Learned a level 2 spell: Swiftness
 38394 | Elf:3    | Learned a level 2 spell: Searing Ray
 38399 | Elf:3    | Learned a level 4 spell: Iskenderun's Mystic Blast
 38403 | Elf:3    | Identified the +7 spear "Aqirgh" {venom, rC+ MP-9 Str+7} (You took it off a deep elf demonologist on level 3 of the Elven Halls)
 38408 | Elf:3    | Got a slimy hand axe {holy}
 38409 | Elf:3    | Identified the +2 hand axe "Patuz" {holy, MR++} (You took it off a deep elf annihilator on level 3 of the Elven Halls)
 38477 | Elf:3    | Got a twisted chain mail
 38488 | Elf:3    | Identified the +1 chain mail of the Comet {Regen+ Str+2 Dex+2} (You found it on level 3 of the Elven Halls)
 38524 | Elf:3    | Got a clouded bronze ring
 38526 | Elf:3    | Identified the ring of Awapeowk {-Tele rF+++ MR+} (You took it off a deep elf blademaster on level 3 of the Elven Halls)
 38645 | Elf:3    | Upgraded the game from 0.17-a0-1923-gc35365e to 0.17-a0-1927-g319369b
 39132 | Elf:2    | Reached XP level 17. HP: 100/100 MP: 25/41
 39543 | Swamp:1  | Entered Level 1 of the Swamp
 41266 | Swamp:2  | Got a smoking leather armour
 41267 | Swamp:2  | Identified the +0 leather armour of Maib {rPois rC+} (You found it on level 2 of the Swamp)
 41939 | Swamp:3  | Noticed a tentacled monstrosity
 42380 | Swamp:3  | Killed a tentacled monstrosity
 42788 | Swamp:4  | Entered Level 4 of the Swamp
 42810 | Swamp:4  | Noticed Kirke
 42813 | Swamp:4  | Killed Kirke
 44007 | Swamp:4  | Got a decaying rune of Zot
 44750 | D:13     | Noticed Maurice
 44756 | D:13     | Killed Maurice
 45036 | D:13     | Noticed Maud
 45041 | D:13     | Killed Maud
 45041 | D:13     | Reached XP level 18. HP: 105/105 MP: 27/42
 45708 | D:14     | Reached skill level 19 in Conjurations
 46635 | D:14     | Found a gate to the Vaults.
 47057 | D:15     | Entered Level 15 of the Dungeon
 47077 | D:15     | Found Wuurghen's Magic Scroll Boutique.
 47388 | D:15     | Noticed Nessos
 47392 | D:15     | Killed Nessos
 47692 | D:15     | Found a staircase to the Depths.
 48191 | Depths:1 | Entered Level 1 of the Depths
 48355 | Depths:1 | Reached skill level 20 in Conjurations
 48842 | Depths:1 | Found a gateway to Hell.
 49176 | Depths:1 | Reached XP level 19. HP: 110/110 MP: 31/43
 49581 | Depths:1 | Found Otiecw's Book Shoppe.
 50386 | Depths:2 | Found a large runed door.
 50386 | Depths:2 | Found a large runed door.
 50879 | Depths:2 | Reached skill level 21 in Conjurations
 52311 | Depths:3 | Reached XP level 20. HP: 115/115 MP: 6/44
 52728 | Depths:3 | Reached skill level 22 in Conjurations
 52893 | Depths:3 | You fall through a shaft!
 52897 | Depths:4 | Noticed a caustic shrike
 52901 | Depths:4 | Noticed a caustic shrike
 52902 | Depths:4 | Noticed a caustic shrike
 52908 | Depths:4 | Annihilated by a juggernaut

Vault maps used:
D:1:      sevenhm_arrival_forest_fort_large_1, nrook_mini_vaults
D:2:      nicolae_dithmenos_shadow_blocks, evilmike_ruin_ashenzari,
          hangedman_decor_clover_reticule, uniq_terence
D:3:      old_standard_altar, lemuel_coloured_pillars_altar, uniq_grinder,
          uniq_iyjb, uniq_crazy_yiuf_cottage, uniq_natasha
D:4:      okawaru_metal_pillars_3, portal_sewer_entry_e, fedhas_altar_fruit_tree
D:5:      nicolae_overflow_crystal_walls, minmay_temple_entry_crystal_x,
          first_bread
D:6:      kennysheep_six_static_rooms, lemuel_doored_altar,
          nicolae_overflow_hidden_temple, makhleb_heckhound_becter,
          uniq_duvessa, uniq_eustachio, uniq_sigmund
D:7:      grunt_qazlal_clouds, basic_altar, minmay_misc_feat_iff, the_bakery,
          minmay_crystal_water
D:8:      introduction_to_nature_2
D:10:     due_lair_maze_entry_diamond
D:12:     minmay_goldmine, minmay_orc_entry_guard_dogs, fungi_pond_lemuel,
          moated_statue, uniq_rupert
D:13:     minmay_containers, kennysheep_generic_room_12, uniq_maud, uniq_maurice
D:14:     hangedman_vaults_entry_quadrant_bands, kennysheep_nondescript,
          lightli_minifort
D:15:     hangedman_depths_entry_civil_slaughter, serial_shops, shop,
          uniq_nessos
Temple:   temple_eino_lava_8
Lair:1:   serial_bayou_ford_a
Lair:2:   beast_lair_carwin_9, grunt_megastairs_3
Lair:3:   lab_entry_generic, minmay_lindwurm_lava, bh_autumn_forest_stairs
Lair:4:   cheibrodos_lair_caveside_slide
Lair:5:   portal_ice_cave_entry_imps
Lair:6:   swamp_mist_pool, guppyfry_snake_entry_island
Lair:7:   cheibrodos_magma_flow, dpeg_slime_entry_enclosed_altar
Lair:8:   wormcave, guppyfry_lair_end_dragon, grunt_megastairs_4
Swamp:1:  evilmike_swamp_ruin_house_5, swamp_pool1
Swamp:2:  evilmike_swamp_ruin_house_1, swamp_pool4, hangedman_swamp_muck
Swamp:3:  hangedman_swamp_ruin_wall
Swamp:4:  swamp_icy, uniq_kirke
Orc:1:    nicolae_volcano_entry_hallway
Orc:2:    serial_shops, shop
Orc:3:    basic_altar, nicolae_orc_pool_cavern, uniq_donald
Orc:4:    st_orc_mages
Elf:1:    eino_elf_arrival_sip, minmay_elf_crystal_hexagon,
          roderic_roman_lattice, minivault_19
Elf:2:    serial_shops, shop, minivault_23
Elf:3:    elf_hall, nicolae_rare_books
Depths:1: pf_vacation_house_of_asmodeus, serial_shops, kennysheep_mini_moat,
          patterned_corridor, grunt_megastairs_2
Depths:2: lightli_eight_chambers, infiniplex_staircase_pillars_1,
          grunt_mini_vestibule
Depths:3: minmay_broken_ring, hell_entry, infiniplex_staircase_squiggle,
          pan_entry, kennysheep_another_room, st_stairs_12,
          basic_stair_grate_trap
Depths:4: minmay_swirls_squares, minmay_misc_feat_doors, serial_shops, shop,
          minmay_room_of_horrors, hell_entry
Abyss:1:  lemuel_firewalk_3, bh_abyss_exit_choice, minivault_1
Lab:      labyrinth_spiral, nicolae_lab_flowing_pool, nicolae_lab_garden,
          nicolae_lab_lava
Sewer:    sewer_frog_island_02
IceCv:    ice_cave_small_dragons
Volcano:  volcano_tomb

Action                   |  1- 3 |  4- 6 |  7- 9 | 10-12 | 13-15 | 16-18 | 19-21 || total
-------------------------+-------+-------+-------+-------+-------+-------+-------++-------
Melee: Dagger            |     1 |       |       |       |       |       |       ||     1
       Quarterstaff      |       |    13 |    59 |     9 |       |       |       ||    81
       Long sword        |       |       |       |     5 |     4 |       |       ||     9
       Rapier            |       |       |       |       |     1 |       |       ||     1
       Unarmed           |       |       |       |       |     7 |       |       ||     7
       Staff             |       |       |       |       |       |    20 |     1 ||    21
 Cast: Magic Dart        |   105 |   153 |   195 |    68 |    63 |     1 |       ||   585
       Conjure Flame     |     2 |     8 |    50 |    52 |     4 |    10 |     4 ||   130
       Call Imp          |     2 |     2 |       |     5 |    12 |       |       ||    21
       Blink             |       |     6 |     4 |    10 |     5 |    12 |     3 ||    40
       Mephitic Cloud    |       |     6 |    34 |    35 |    10 |     1 |     5 ||    91
       Flame Tongue      |       |       |   101 |   539 |   213 |    12 |       ||   865
       Repel Missiles    |       |       |     1 |       |       |       |       ||     1
       Ignite Poison     |       |       |       |     2 |     3 |     1 |       ||     6
       Bolt of Fire      |       |       |       |    90 |   481 |   473 |   116 ||  1160
       Dazzling Spray    |       |       |       |     4 |       |     1 |     1 ||     6
       Bolt of Magma     |       |       |       |       |    53 |    60 |    61 ||   174
       Fireball          |       |       |       |       |    43 |    52 |    38 ||   133
       Orb of Destructio |       |       |       |       |     8 |    22 |     7 ||    37
       Poisonous Cloud   |       |       |       |       |     4 |     2 |       ||     6
       Iskenderun's Myst |       |       |       |       |       |    73 |    48 ||   121
       Swiftness         |       |       |       |       |       |     2 |     1 ||     3
       Searing Ray       |       |       |       |       |       |     1 |       ||     1
 Abil: Evoke Flight      |       |       |       |       |     1 |       |       ||     1
Evoke: Wand              |     2 |     1 |       |     7 |    17 |    10 |     6 ||    43
       Deck              |       |       |       |       |     1 |       |       ||     1
  Use: Scroll            |       |     9 |     3 |    10 |    18 |    18 |     8 ||    66
       Potion            |       |     1 |       |    11 |     4 |     2 |     4 ||    22
 Stab: Confused          |       |       |     2 |     1 |       |       |       ||     3
       Paralysed         |       |       |     1 |       |       |       |       ||     1
  Eat: Chunk             |     2 |     6 |    13 |    34 |    57 |    42 |    13 ||   167
       Beef jerky        |       |       |     1 |     1 |       |       |       ||     2
       Fruit             |       |       |       |     5 |     6 |     6 |     1 ||    18
